 Seeded DCSS version 0.26.1-2-gb8aa6d0cf2 (webtiles) character file.

Game seed: 14773600828718401044 (custom seed)

36568 oldmanjim the Peltast (level 13, -7/115 HPs)
             Began as a Deep Dwarf Fighter on Feb 23, 2021.
             Was a High Priest of Makhleb.
             Killed from afar by an ice dragon (37 damage)
             ... with a blast of cold
             ... on level 6 of the Lair of Beasts.
             The game lasted 03:14:56 (17284 turns).

oldmanjim the Peltast (Deep Dwarf Fighter)         Turns: 17284, Time: 03:14:57

Health: -7/115     AC: 18    Str: 21    XL:     13   Next: 53%
Magic:  26/26 (17) EV: 11    Int: 21    God:    Makhleb [*****.]
Gold:   1044       SH: 20    Dex: 12    Spells: 5/12 levels left

rFire    . . .     SeeInvis +   a - +5 short sword of Victory {venom, rElec Int+8}
rCold    . . .     Faith    .   c - +1 kite shield
rNeg     . . .     Spirit   .   o - +4 chain mail
rPois    .         Reflect  +   L - +2 helmet {SInv}
rElec    +         Harm     .   x - +0 cloak
rCorr    .         Rampage  .   C - +0 pair of gloves
Will     +....                  (no boots)
Stlth    ..........             R - amulet of reflection
HPRegen  0.00/turn              Q - ring of magical power
MPRegen  0.20/turn              V - ring of flight

@: about to teleport, non-regenerating, studying Fire Magic
A: damage resistance, heal wounds, sense surroundings 2, no regeneration
a: Heal Wounds, Renounce Religion, Evoke Flight, Minor Destruction, Lesser
Servant of Makhleb, Major Destruction, Greater Servant of Makhleb


You were on level 6 of the Lair of Beasts.
You worshipped Makhleb.
Makhleb was extremely pleased with you.
You visited 3 branches of the dungeon, and saw 18 of its levels.

You collected 1289 gold pieces.
You spent 245 gold pieces at shops.

Inventory:

Hand Weapons
 a - the +5 short sword of Victory (weapon) {venom, rElec Int+8}
   (You found it on level 5 of the Dungeon)

   It poisons the flesh of those it strikes.
   It affects your intelligence (+8).
   It insulates you from electricity.
 Y - a +3 war axe of freezing
Missiles
 k - 69 poisoned darts
 m - 2 throwing nets
 s - 10 boomerangs (quivered)
 M - 6 atropa-tipped darts
 P - 7 curare-tipped darts
Armour
 c - a +1 kite shield (worn)
 o - a +4 chain mail (worn)
 x - a +0 cloak (worn)
 B - a +1 buckler of protection
 C - a +0 pair of gloves (worn)
 L - a +2 helmet of see invisible (worn)
 N - a +2 ring mail of poison resistance
Jewellery
 Q - a ring of magical power (left hand)
 R - an amulet of reflection (around neck)
 V - a ring of flight (right hand)
Wands
 l - a wand of polymorph (7)
 u - a wand of random effects (21)
 w - a wand of paralysis (2)
 y - a wand of iceblast (7)
 z - a wand of enslavement (6)
Scrolls
 b - 2 scrolls of fear
 e - 9 scrolls of teleportation
 f - 2 scrolls of magic mapping
 g - a scroll of random uselessness {unknown}
 h - a scroll of enchant armour
 i - a scroll of blinking
 q - 2 scrolls of immolation
 A - 4 scrolls of amnesia
 D - a scroll of holy word {unknown}
 E - 3 scrolls of fog
 F - 3 scrolls of enchant weapon
 H - 2 scrolls of brand weapon
 O - a scroll of summoning {unknown}
 X - 2 scrolls of acquirement {unknown}
 Z - 3 scrolls of remove curse
Potions
 d - 3 potions of might
 j - 3 potions of haste
 n - 2 potions of lignification
 p - a potion of mutation
 r - 6 potions of heal wounds
 t - a potion of curing
 v - a potion of magic
 I - a potion of cancellation
 J - 8 potions of ambrosia
 K - a potion of resistance
 S - 4 potions of flight
 T - a potion of berserk rage
 W - 2 potions of brilliance
Books
 G - a manual of Fire Magic
Miscellaneous
 U - a condenser vane


   Skills:
 + Level 7.2 Fighting
 - Level 5.8 Axes
 - Level 4.0 Armour
 + Level 8.6 Dodging
 - Level 5.0 Stealth
 - Level 15.0 Shields
 - Level 12.0 Necromancy
 + Level 11.3 Invocations
 - Level 3.0 Evocations


You had 5 spell levels left.
You knew the following spells:

 Your Spells              Type           Power        Failure   Level
b - Vampiric Draining     Necr           25%          3%          3
c - Animate Dead          Necr           25%          12%         4

Your spell library contained the following spells:

 Spells                   Type           Power        Failure   Level
 Animate Skeleton         Necr           100%         1%          1
 Pain                     Necr           100%         1%          1
 Agony                    Necr           50%          32%         5
 Apportation              Tloc           0%           85%         1
 Beastly Appendage        Tmut           0%           85%         1
 Corona                   Hex            0%           85%         1
 Magic Dart               Conj           0%           85%         1
 Summon Small Mammal      Summ           0%           85%         1
 Ensorcelled Hibernation  Hex/Ice        0%           94%         2
 Passwall                 Tmut/Erth      0%           94%         2
 Poisonous Vapours        Pois/Air       0%           94%         2
 Searing Ray              Conj           0%           94%         2
 Slow                     Hex            0%           94%         2
 Swiftness                Air            0%           94%         2
 Wereblood                Tmut           0%           94%         2
 Call Canine Familiar     Summ           0%           99%         3
 Confusing Touch          Hex            0%           99%         3
 Dazzling Flash           Conj/Hex       0%           99%         3
 Gell's Gravitas          Tloc           0%           99%         3
 Inner Flame              Hex/Fire       0%           99%         3
 Lesser Beckoning         Tloc           0%           99%         3
 Portal Projectile        Hex/Tloc       0%           99%         3
 Spider Form              Tmut/Pois      0%           99%         3
 Tukima's Dance           Hex            0%           99%         3
 Cause Fear               Hex            0%           100%        4
 Fulminant Prism          Conj/Hex       0%           100%        4
 Ice Form                 Ice/Tmut       0%           100%        4
 Iskenderun's Mystic Bla  Conj/Tloc      0%           100%        4
 Leda's Liquefaction      Hex/Erth       0%           100%        4
 Olgreb's Toxic Radiance  Pois           0%           100%        4
 Passage of Golubria      Tloc           N/A          100%        4
 Petrify                  Tmut/Erth      0%           100%        4
 Summon Lightning Spire   Summ/Air       0%           100%        4
 Alistair's Intoxication  Tmut/Pois      0%           100%        5
 Blade Hands              Tmut           0%           100%        5
 Lee's Rapid Deconstruct  Erth           0%           100%        5
 Metabolic Englaciation   Hex/Ice        0%           100%        5
 Yara's Violent Unravell  Hex/Tmut       0%           100%        5
 Invisibility             Hex            0%           100%        6
 Shadow Creatures         Summ           N/A          100%        6


Dungeon Overview and Level Annotations

Branches:
Dungeon (11/15)            Temple (1/1) D:6            Lair (6/6) D:11
 Shoals (0/4) Lair:4        Snake (0/4) Lair:2        Slime (0/5) Lair:5
    Orc (0/2) D:9

Altars:
Ashenzari
Cheibriados
Dithmenos
Elyvilon
Fedhas
Gozag
Hepliaklqana
Kikubaaqudgha
Makhleb
Nemelex Xobeh
Okawaru
Qazlal
Ru
Sif Muna
Trog
Uskayaw
Vehumet
Wu Jian
Xom
Yredelemnul
Zin
The Shining One
Beogh

Shops:
D:5 ?   D:6 [?([   D:8 }[[}*   D:10 (

Annotations:
D:8 exclusion: oklob plant
D:9 3 runed translucent doors, exclusion: 3 doors, Tang's ghost, novice GnWn
Lair:1 exclusion: 2 oklob plants


Innate Abilities, Weirdness & Mutations

You are resistant to damage.
You can heal yourself by infusing magical energy.
You passively map the area around you.
You do not regenerate.


Message History

You hit the ice dragon but do no damage.
The ice dragon breathes frost at you. The blast of cold hits you!!
You closely miss the ice dragon. The ice dragon misses you.
The ice dragon claws you.
The ice dragon tramples you but does no damage.
Your chain mail prevents you from hitting the ice dragon.
You block the ice dragon's attack. x3
You hit the ice dragon but do no damage.
You block the ice dragon's attack. x2
The ice dragon tramples you but does no damage.
The ice dragon bites you! The ice dragon claws you!
* * * LOW HITPOINT WARNING * * *
You block the ice dragon's attack.
As you read the scroll of teleportation, it crumbles to dust.
You feel strangely unstable. The ice dragon bites you.
The ice dragon claws you. You block the ice dragon's attack.
The ice dragon breathes frost at you. The blast of cold hits you!!!
You die...

### ## ##### ### # ..# #####.#
##...#### ##.### ..###
##P##.######.#.....###..PP.
...P###..........................
...###...........................
...###........D.@................
....P##..........................
P.....P...##.......PP............
##........#.........P#......†....
#....P...≈#.....................
#.....⌠.≈≈≈..........≈≈≈.⌠......
#......≈≈≈...........≈≈≈≈.......
#.....≈≈≈≈.≈≈≈≈..≈≈≈≈.≈≈≈≈......
##....≈≈≈.≈≈≈≈≈≈≈≈≈≈≈≈.≈≈≈......


You could see an ice dragon (catching breath).

Vanquished Creatures
  5 hydras
  A rakshasa (D:10)
  Erica (D:8)
  2 catoblepae
  A centaur warrior (D:9)
  A two-headed ogre (D:11)
  Sonja (Lair:3)
  An unseen horror (D:10)
  Pikel (D:6)
  A cyclops (D:10)
  A manticore (D:10)
  4 elephants (Lair:6)
  Joseph (D:7)
  A black mamba (Lair:5)
  2 gargoyles
  10 cane toads
  2 rime drakes
  7 komodo dragons
  2 trolls
  7 blink frogs
  A hornet (D:10)
  6 polar bears
  17 dream sheep
  5 wyverns
  17 yaks
  6 basilisks
  A steam dragon (D:10)
  4 nagas (Lair:2)
  A soldier ant (D:10)
  9 water moccasins
  An orc warrior (D:10)
  2 sky beasts (D:6)
  12 ice beasts
  A phantom (D:8)
  3 black bears
  A necrophage (D:10)
  An eye of draining (D:10)
  3 ogres
  2 lemures (D:7)
  12 centaurs
  3 big kobolds
  20 bullfrogs
  A wyvern skeleton (D:8)
  7 scorpions
  A killer bee (D:10)
  4 wights
  2 howler monkeys
  3 bullfrog zombies
  A centaur zombie (D:8)
  A quasit (D:8)
  3 centaur skeletons
  4 jellies
  5 orc priests
  3 hounds
  6 orc wizards
  3 bullfrog skeletons
  2 iguanas
  5 worker ants
  A hound zombie (D:5)
  2 hound skeletons
  4 gnolls (D:6)
  13 adders
  A shadow imp (D:10)
  2 white imps
  2 oozes
  An adder zombie (D:10)
  5 worms
  2 dart slugs (D:1)
  2 leopard geckos
  34 orcs
  A ball python (D:5)
  6 bats
  7 giant cockroaches
  2 gnoll zombies (D:5)
  5 goblins
  4 hobgoblins
  13 jackals
  16 kobolds
  4 quokkas
  7 frilled lizards
  2 quokka skeletons
  10 rats
  A bush (Lair:3)
378 creatures vanquished.

Vanquished Creatures (collateral kills)
  An elephant (Lair:6)
  A cane toad (Lair:6)
  A blink frog (Lair:3)
  A dream sheep (Lair:5)
  A wyvern (Lair:6)
  2 yaks (Lair:5)
  A water moccasin (Lair:3)
  An ice beast (Lair:6)
  A bullfrog (Lair:3)
  2 white imps (Lair:6)
12 creatures vanquished.

Vanquished Creatures (others)
  A bullfrog zombie (D:6)
  A goblin (D:3)
  A jackal (D:3)
  A quokka (D:4)
  10 fungi
  18 plants
32 creatures vanquished.

Grand Total: 422 creatures vanquished

Notes
Turn   | Place    | Note
-------+----------+-------------------------------------------
     0 | D:1      | oldmanjim the Deep Dwarf Fighter began the quest for the
                  | Orb.
     0 | D:1      | Reached XP level 1. HP: 20/20 MP: 1/1
   153 | D:1      | Reached XP level 2. HP: 25/27 MP: 2/2
   712 | D:2      | Reached XP level 3. HP: 27/28 MP: 3/3
   865 | D:2      | Noticed a scorpion
   877 | D:2      | Killed a scorpion
   878 | D:2      | Reached skill level 4 in Shields
   878 | D:2      | Reached XP level 4. HP: 22/42 MP: 4/4
  1306 | D:3      | Found a radiant altar of Vehumet.
  1577 | D:3      | Reached XP level 5. HP: 34/49 MP: 5/5
  1788 | D:3      | Learned a level 1 spell: Animate Skeleton
  1928 | D:4      | Noticed an ogre
  1990 | D:3      | Killed an ogre
  1991 | D:3      | Reached skill level 5 in Shields
  1991 | D:3      | Reached skill level 1 in Necromancy
  2013 | D:4      | Reached XP level 6. HP: 32/56 MP: 6/6
  2164 | D:4      | Found a white marble altar of Elyvilon.
  2188 | D:4      | Reached skill level 5 in Axes
  2212 | D:4      | Found a shadowy altar of Dithmenos.
  2945 | D:5      | Entered Level 5 of the Dungeon
  2997 | D:5      | Found a basalt altar of Yredelemnul.
  3076 | D:5      | Found Goevon's Magic Scroll Shop.
  3097 | D:5      | Bought a scroll of fog for 28 gold pieces
  3097 | D:5      | Bought a scroll of remove curse for 42 gold pieces
  3173 | D:5      | Reached XP level 7. HP: 25/62 MP: 7/7
  3297 | D:5      | Got a bloodstained short sword
  3298 | D:5      | Identified the +5 short sword of Victory {venom, rElec
                  | Int+8} (You found it on level 5 of the Dungeon)
  3412 | D:5      | Found a hide-covered altar of Uskayaw.
  3412 | D:5      | Found a blossoming altar of Fedhas.
  3741 | D:5      | Reached skill level 6 in Shields
  3847 | D:6      | Found Qaek's Weapon Emporium.
  3938 | D:6      | Reached skill level 1 in Evocations
  3966 | D:6      | Found a staircase to the Ecumenical Temple.
  4003 | Temple   | Entered the Ecumenical Temple
  4173 | Temple   | Became a worshipper of Makhleb the Destroyer
  4216 | D:6      | Reached skill level 1 in Invocations
  4257 | D:6      | Reached XP level 8. HP: 30/69 MP: 7/9
  4262 | D:6      | Reached skill level 5 in Necromancy
  4268 | D:6      | Reached skill level 7 in Shields
  4465 | D:6      | Found Ighuttugga's Magic Scroll Shoppe.
  4473 | D:6      | Bought a scroll of fear for 49 gold pieces
  4580 | D:6      | Found Nusoess's Armour Emporium.
  4648 | D:6      | Found Oweynupeag's Armour Shoppe.
  4654 | D:6      | Bought a +0 helmet of see invisible for 126 gold pieces
  5120 | D:7      | Noticed Joseph
  5189 | D:7      | Reached skill level 8 in Shields
  5189 | D:7      | Reached skill level 5 in Invocations
  5242 | D:7      | Killed Joseph
  5243 | D:7      | Gained mutation: You passively map the area around you.
                  | [Deep Dwarf growth]
  5243 | D:7      | Reached XP level 9. HP: 38/75 MP: 12/12
  5660 | D:7      | Reached * piety under Makhleb
  5661 | D:7      | Reached skill level 9 in Shields
  5686 | D:7      | Noticed Pikel
  5726 | D:6      | Killed Pikel
  5879 | D:8      | Found Hysomn's Gadget Shoppe.
  5951 | D:8      | Found Jiemye's Assorted Antiques.
  5953 | D:8      | Found Qouryadgh's Gadget Shoppe.
  5966 | D:8      | Found Innacutz's Armour Shop.
  5980 | D:8      | Noticed Erica
  6005 | D:8      | Killed Erica
  6082 | D:8      | Reached skill level 10 in Shields
  6149 | D:8      | Found Kowea's Armour Shop.
  6415 | D:8      | Found a blossoming altar of Fedhas.
  6417 | D:8      | Noticed an oklob plant
  6487 | D:8      | Reached XP level 10. HP: 47/84 MP: 16/16
  7045 | D:9      | Reached ** piety under Makhleb
  7046 | D:9      | Reached skill level 10 in Invocations
  7150 | D:9      | Found a runed translucent gate.
  7150 | D:9      | Found a runed translucent gate.
  7150 | D:9      | Found a runed translucent gate.
  7164 | D:9      | Noticed a centaur warrior
  7179 | D:9      | Killed a centaur warrior
  7180 | D:9      | Reached skill level 5 in Stealth
  7568 | D:9      | Found a staircase to the Orcish Mines.
  7616 | D:9      | Found a roughly hewn altar of Beogh.
  7752 | D:9      | Noticed Tang's ghost (novice GnWn)
  7776 | D:9      | Noticed a moth of wrath
  7779 | D:9      | Found a bloodstained altar of Trog.
  8109 | D:10     | Entered Level 10 of the Dungeon
  8162 | D:10     | Reached skill level 5 in Dodging
  8181 | D:10     | Found Arut Jupys's Weapon Shop.
  8537 | D:10     | Reached skill level 11 in Shields
  8642 | D:10     | Noticed a cyclops
  8642 | D:10     | Noticed a manticore
  8650 | D:10     | Noticed a two-headed ogre
  8652 | D:10     | Paralysed by a hornet for 3 turns
  8670 | D:10     | Noticed an unseen horror
  8677 | D:10     | Reached *** piety under Makhleb
  8709 | D:10     | Reached XP level 11. HP: 91/91 MP: 17/17
  8729 | D:10     | Killed an unseen horror
  8738 | D:10     | Identified the +5 short sword of the Swamp {antimagic,
                  | SInv}
  8840 | D:10     | Identified the cursed ring of Neukocu {Int-4 Stlth+}
  8840 | D:10     | Noticed a rakshasa
  8870 | D:10     | Killed a rakshasa
  8900 | D:10     | Identified the Grimoire of Supportive Envenoming
  8944 | D:10     | Learned a level 3 spell: Vampiric Draining
  8993 | D:10     | Reached skill level 5 in Fighting
  9148 | D:11     | Got a smoking copper ring
  9195 | D:11     | Reached skill level 12 in Shields
  9400 | D:11     | Found a sparkling altar of Nemelex Xobeh.
  9614 | D:11     | HP: 4/97 [vampire/vampiric draining (11)]
  9690 | D:11     | Noticed a two-headed ogre
  9706 | D:11     | Killed a two-headed ogre
  9857 | D:11     | Found a staircase to the Lair.
  9865 | Lair:1   | Entered Level 1 of the Lair of Beasts
  9890 | Lair:1   | Reached **** piety under Makhleb
 10143 | Lair:1   | Identified the cursed ring "Haidgh" {rElec rPois Slay-4}
                  | (You found it on level 11 of the Dungeon)
 10248 | Lair:1   | Noticed an oklob plant
 10798 | Lair:1   | Noticed an eight-headed hydra
 10814 | Lair:1   | Killed an eight-headed hydra
 10815 | Lair:1   | Reached skill level 10 in Necromancy
 10815 | Lair:1   | Reached XP level 12. HP: 78/105 MP: 1/16
 11032 | Lair:1   | Reached skill level 13 in Shields
 11844 | Lair:2   | Found a staircase to the Snake Pit.
 12364 | Lair:2   | Learned a level 4 spell: Animate Dead
 12556 | Lair:2   | Reached skill level 14 in Shields
 13055 | Lair:3   | Noticed a catoblepas
 13087 | Lair:3   | Killed a catoblepas
 13349 | Lair:3   | Noticed Sonja
 13358 | Lair:3   | Killed Sonja
 14370 | Lair:4   | Found a staircase to the Shoals.
 15053 | Lair:5   | Found a staircase to the Slime Pits.
 15148 | Lair:5   | Reached skill level 15 in Shields
 15182 | Lair:5   | Noticed a four-headed hydra
 15208 | Lair:5   | Killed a four-headed hydra
 15209 | Lair:5   | Reached XP level 13. HP: 36/111 MP: 17/17
 15468 | Lair:5   | HP: 4/111 [seven-headed hydra (4)]
 15515 | Lair:5   | HP: 4/111 [seven-headed hydra (6)]
 16414 | Lair:6   | Entered Level 6 of the Lair of Beasts
 16505 | Lair:6   | Reached ***** piety under Makhleb
 16621 | Lair:6   | HP: 1/114 [six-headed hydra (7)]
 17284 | Lair:6   | Killed from afar by an ice dragon

Illustrated notes

Levels and vault maps discovered:
D:1:      scummos_arrival_checkerplants, layout_loops_ring
D:2:      layout_rooms
D:3:      layout_basic, fiery_altar_vehumet
D:4:      layout_loops_cross, overflow_temple_1_default, elyvilon_altar_4
D:5:      kennysheep_big_flooded_room, layout_basic,
          gammafunk_temple_overflow_pools, lemuel_zombie_altar_yredelemnul,
          serial_shops, shop_statue
D:6:      layout_loops_ring, minmay_temple_entry_hall, serial_shops, shop,
          nicolae_shop_statue_plus, shop, kennysheep_mini_moat,
          lemuel_old_faithful
D:7:      layout_basic, uniq_joseph, uniq_pikel
D:8:      layout_loops_ring, serial_shops, shop, shop, shop, shop,
          nicolae_shop_waterfront, hangedman_tree_tricks, uniq_erica
D:9:      layout_irregular_city, tgw_trog, minmay_orc_entry_temple_small,
          gammafunk_ghost_spectres
D:10:     minmay_the_grid_plus_closed [minmay_the_grid_broken_lines,
          minmay_the_grid_minigrid_small, minmay_the_grid_minigrid_medium,
          minmay_the_grid_large_cup,
          minmay_the_grid_prize_four_corners_diamond_b], layout_cave_pools,
          serial_shops, nicolae_shop_statue_plus
D:11:     layout_cave_pools, lair_entry_dummy, nemelex_xobeh_ov_fountains_minmay
Temple:   eino_temple_scatter_basement
Lair:1:   layout_big_grid, lemuel_fruit_tree, minmay_lair_oklob_chamber,
          infiniplex_staircase_pool_2
Lair:2:   layout_gridlike, minmay_snake_entry_guardpost_small, minmay_holes,
          chequers_serial_rivers_small_a
Lair:3:   layout_layer_cave, uniq_sonja
Lair:4:   layout_regular_city, minmay_shoals_entry_centaurs
Lair:5:   wander_river, layout_concentric_octagons, slime_dummy
Lair:6:   evilmike_catoblepas_cave, layout_cellular_growth, serial_rivers,
          chequers_serial_rivers_small_a, chequers_serial_rivers_marsh,
          chequers_serial_rivers_micro_d, chequers_serial_rivers_micro_c,
          chequers_serial_rivers_small_b, minivault_11, ice2_lemuel

Skill      XL: |  1  2  3  4  5  6  7  8  9 10 11 12 13 |
---------------+----------------------------------------+-----
Fighting       | 3 6 7 |  7.2
Armour         | 4 |  4.0
Axes           | 3 4 5 |  5.8
Shields        | 4 5 6 8 10 11 12 15 | 15.0
Necromancy     | 1 2 4 5 7 10 11 12 | 12.0
Evocations     | 2 3 |  3.0
Invocations    | 1 6 9 10 11 | 11.3
Dodging        | 2 5 6 8 |  8.6
Stealth        | 3 5 |  5.0

Action                   |  1- 3 |  4- 6 |  7- 9 | 10-12 | 13-15 || total
-------------------------+-------+-------+-------+-------+-------++-------
Melee: War axe           |    89 |   176 |       |       |       ||   265
       Short sword       |       |       |   357 |   886 |   266 ||  1509
Throw: Stone             |     3 |     5 |     1 |       |       ||     9
       Boomerang         |       |    19 |     6 |    12 |    19 ||    56
       Dart              |       |    17 |    61 |   252 |    21 ||   351
 Cast: Animate Skeleton  |       |       |     5 |     8 |       ||    13
       Vampiric Draining |       |       |       |   117 |    48 ||   165
       Animate Dead      |       |       |       |    10 |    15 ||    25
 Abil: Heal Wounds       |       |     3 |     7 |    17 |    10 ||    37
Evoke: Wand              |       |       |       |    16 |       ||    16
       Condenser vane    |       |       |       |     1 |       ||     1
  Use: Scroll            |       |    12 |     5 |    14 |     6 ||    37
       Potion            |       |       |       |       |     1 ||     1
 Stab: Sleeping          |       |       |       |     6 |       ||     6
       Petrified         |       |       |       |     3 |     4 ||     7
       Distracted        |       |       |       |       |     2 ||     2
Armor: Scale mail        |    48 |    72 |     2 |       |       ||   122
       Leather armour    |       |       |    57 |       |       ||    57
       Ring mail         |       |       |    61 |   344 |    51 ||   456
       Chain mail        |       |       |       |       |   158 ||   158
Dodge: Dodged            |    24 |    56 |   160 |   520 |   188 ||   948
Block: Kite shield       |    50 |    85 |       |       |   514 ||   649
       Buckler           |       |     9 |   112 |   693 |     1 ||   815
       Reflection        |       |       |       |    35 |     1 ||    36
